 Dungeon Crawl Stone Soup version 0.22-a0-455-ga0624bf (webtiles) character file.

4 KristoblXynda the Slasher (level 1, 0/19 HPs)
             Began as a Naga Gladiator on June 5, 2018.
             Slain by a goblin
             ... wielding a +1 dagger of venom
              (2 damage)
             ... on level 1 of the Dungeon.
             The game lasted 00:00:10 (29 turns).

KristoblXynda the Slasher (Naga Gladiator)            Turns: 29, Time: 00:00:11

Health: 0/19       AC:  2    Str: 16    XL:     1   Next: 70%
Magic:  1/1        EV: 10    Int:  8    God:
Gold:   0          SH:  0    Dex: 12    Spells: 0/0 levels left

rFire    . . .     SeeInvis +   a - +0 long sword
rCold    . . .     Gourm    .   (no shield)
rNeg     . . .     Faith    .   b - +0 leather armour
rPois    +         Spirit   .   c - +0 helmet
rElec    .         Reflect  .   (no cloak)
rCorr    .         Harm     .   (no gloves)
MR       .....                  (no barding)
Stlth    +.........             (no amulet)
HPRegen  0.06/turn              (no ring)
MPRegen  0.07/turn              (no ring)

@: lethally poisoned (0 -> -10), short of breath, very slow
A: large, see invisible, deformed body, poison resistance, slowness 2, slow
metabolism 1, spit poison 1, AC +0
a: Spit Poison


You were on level 1 of the Dungeon.
You were not hungry.

You visited 1 branch of the dungeon, and saw 1 of its levels.

Inventory:

Hand Weapons
 a - a +0 long sword (weapon)
Missiles
 d - 3 throwing nets (quivered)
Armour
 b - a +0 leather armour (worn)
 c - a +0 helmet (worn)
Comestibles
 f - a ration


   Skills:
 - Level 2.0 Fighting
 + Level 3.1 Long Blades
 + Level 1.9 Throwing
 + Level 2.5 Dodging


You couldn't memorise any spells.
You didn't know any spells.
Your spell library was empty.

Dungeon Overview and Level Annotations

Branches:
Dungeon (1/15)

Altars:


Innate Abilities, Weirdness & Mutations

You cannot wear boots.
Your serpentine skin is tough. (AC +0)
You have supernaturally acute eyesight. (SInv)
Armour fits poorly on your strangely shaped body.
Your system is resistant to poisons. (rPois)
You cover ground very slowly.
You have a slow metabolism.
You can spit poison.


Message History

You are too injured to fight recklessly!
You are too injured to fight recklessly!
You are too injured to fight recklessly!
The frilled lizard hisses angrily.
You hit the kobold.
You kill the kobold!
The goblin hits you with a dagger of venom.
You are lethally poisoned!
The goblin hits you with a dagger of venom.
* * * LOW HITPOINT WARNING * * *
You aren't carrying any potions.
Unknown command.
Press: ? - help, Shift-Dir - straight line The splash of poison hits the goblin.
The goblin is poisoned.
The goblin is moderately wounded.
You feel slightly more hungry.
* * * LOW HITPOINT WARNING * * *
You feel sick.
The goblin hits you with a dagger of venom.
You die...

### ##### ####........
..# #...# #.?.........
>.# #.>.# #.........# .
..###...###.......# ..
.............(..#.###.#.
........................
...............(........
..###...###....#()......
..# #...# #.....@g.g....
..# #...# #.............
### ##### ####..........
#....)..... #..........
.....l..... .........$..
...........$.


You could see a hobgoblin, a goblin and a frilled lizard.

Vanquished Creatures
  A leopard gecko (D:1)
  A goblin (D:1)
  A kobold (D:1)
3 creatures vanquished.

Notes
Turn   | Place    | Note
-------+----------+-------------------------------------------
     0 | D:1      | KristoblXynda the Naga Gladiator began the quest for the Orb.
     0 | D:1      | Reached XP level 1. HP: 19/19 MP: 1/1
    29 | D:1      | Slain by a goblin

Vault maps used:
D:1:      minmay_arrival_hallway, interstate_on_off, dk_noncrumbling_3

Action                   || total
-------------------------++-------
Melee: Long sword        ||     6
 Abil: Spit Poison       ||     1
Armor: Leather armour    ||     3
Dodge: Dodged            ||     8
       Rpst.: Long sword ||     1

Table legend:
 A = Spawn XP
 B = Non-spawn XP
 C = Spawn XP percentage of total XP
 D = Spawn monster count
 E = Non-spawn monster count
 F = Spawn count percentage of total count
 G = Total turns spent on level
                    A         B        C        D         E        F      G
               +---------+---------+-------+---------+---------+-------+---------
         Total |       0 |       7 |   0.0 |       0 |       3 |   0.0 |    29
               +---------+---------+-------+---------+---------+-------+---------
           D:1 |       0 |       7 |   0.0 |       0 |       3 |   0.0 |    29
               +---------+---------+-------+---------+---------+-------+---------
